 Dungeon Crawl Stone Soup version 0.29-a0-506-ga2e7fffb44 (webtiles) character file.

Game seed: 13761524909032548487

73 enile the Vexing (level 4, -1/33 HPs)
             Began as a Formicid Arcane Marksman on May 28, 2022.
             Was a High Priest of Ignis.
             Succumbed to an adder's poison
             ... on level 2 of the Dungeon.
             The game lasted 00:05:20 (2342 turns).

enile the Vexing (Formicid Arcane Marksman)         Turns: 2342, Time: 00:05:21

Health: -1/33      AC:  2    Str: 19    XL:     4   Next: 51%
Magic:  6/6        EV: 12    Int: 18    God:    Ignis [*****.]
Gold:   39         SH:  0    Dex: 11    Spells: 2/6 levels left

rFire   + + .      SeeInvis +   m - +0 mace
rCold   . . .      Faith    .   (no shield)
rNeg    . . .      Spirit   .   b - +0 robe
rPois   .          Reflect  .   (helmet unavailable)
rElec   .          Harm     .   (no cloak)
rCorr   .          Rampage  .   (no gloves)
Will    +....                   (no boots)
Stlth   +.........              (no amulet)
HPRegen 0.11/turn               e - ring of protection from fire
MPRegen 0.10/turn               h - +6 ring of intelligence

@: lethally poisoned (-1 -> -7)
A: permanent stasis, dig shafts and tunnels, antennae 3, four strong arms,
strong-willed 1, strong 1, evolution 1
a: Dig, Shaft Self, Renounce Religion, Fiery Armour, Foxfire Swarm


You were on level 2 of the Dungeon.
You worshipped Ignis.
Ignis was extremely pleased with you.
You visited 1 branch of the dungeon, and saw 3 of its levels.

You collected 39 gold pieces.

Inventory:

Hand Weapons
 a - a +0 hunting sling
 m - a +0 mace (weapon)
Missiles
 l - 4 poisoned darts
Armour
 b - a +0 robe (worn)
 n - a +0 scale mail
Magical Staves
 i - a staff of earth
Jewellery
 e - a ring of protection from fire (left hand)
 f - a ring of protection from fire
 h - a +6 ring of intelligence (right hand)
Scrolls
 c - a scroll of vulnerability
 d - a scroll of teleportation {unknown}
 g - a scroll of enchant armour
 j - 2 scrolls of identify


   Skills:
 + Level 2.1 Fighting
 + Level 2.9 Slings
 + Level 2.4 Dodging
 + Level 1.9 Spellcasting
 + Level 4.2 Hexes


You had 2 spell levels left.
You knew the following spells:

 Your Spells              Type           Power      Damage    Failure   Level
a - Slow                  Hex            64%        N/A       3%          1
b - Inner Flame           Hex/Fire       9%         N/A       22%         3

Your spell library contained the following spells:

 Spells                   Type           Power      Damage    Failure   Level
 Portal Projectile        Hex/Tloc       18%        N/A       22%         3
 Cause Fear               Hex            8%         N/A       32%         4


Dungeon Overview and Level Annotations

Branches:
Dungeon (3/15)

Altars:
Ignis

Annotations:
D:2 Sigmund, Terence


Innate Abilities, Weirdness & Mutations

You cannot be hasted, slowed, berserked, paralysed or teleported.
You can dig through walls and to a lower floor.
You have a pair of large antennae on your head. (SInv)
Your four strong arms can wield two-handed weapons with a shield.
You are strong-willed. (Will+)
Your muscles are strong. (Str +2)
You have hidden genetic potential.


Message History

You feel very sick. The adder bites you.
* * * LOW HITPOINT WARNING * * *
Aiming: Paralyse
Press: ? - help, Q - select action, (/) - cycle Shift-Dir - straight line, f/p - adder
Aim: an adder (slow, chance to affect: 57%)
The adder resists with significant effort.
The now-empty wand crumbles to dust.
* * * LOW HITPOINT WARNING * * *
You feel sick. The adder closely misses you.
Unknown command.
Casting: Slow (safe; 3% risk of failure)
Confirm with . or Enter, or press ? or * to list all spells.
Okay, then.
You begin to rise into the air.
* * * LOW HITPOINT WARNING * * *
You feel sick. The adder bites you.
* * * LOW HITPOINT WARNING * * *
You are more poisoned.
The adder poisons you!
Okay, then.
With a burst of heat and light, you rocket upward!
Level annotation: Sigmund, Terence
* * * LOW HITPOINT WARNING * * *
You feel sick.
Found a scroll labelled VUSISU JONNU.
There is a shaft here.
You aren't carrying any potions.
Okay, then.
Okay, then.
Okay, then.
Okay, then.
You aren't carrying any potions.
* * * LOW HITPOINT WARNING * * *
You feel sick.
* * * LOW HITPOINT WARNING * * *
You feel sick.
You see here a scroll labelled VUSISU JONNU.
d - a scroll labelled VUSISU JONNU You die...

### ...
#.# #.#
#^#
#.#####.#
#@......#
#########


There were no monsters in sight!

Vanquished Creatures
  Natasha (twice) (D:3)
  A worm (D:1)
  3 orcs (D:3)
  3 endoplasms
  A giant cockroach (D:2)
  4 goblins (D:1)
  2 hobgoblins (D:1)
  A quokka (D:2)
  A bat (D:2)
  2 frilled lizards (D:1)
  3 kobolds
  4 rats
27 creatures vanquished.

Vanquished Creatures (others)
  2 withered plants (D:3)
2 creatures vanquished.

Grand Total: 29 creatures vanquished

Notes
Turn   | Place    | Note
-------+----------+-------------------------------------------
     0 | D:1      | enile the Formicid Arcane Marksman began the quest for the
                  | Orb.
     0 | D:1      | Reached XP level 1. HP: 15/15 MP: 2/2
   313 | D:1      | Reached XP level 2. HP: 21/21 MP: 3/3
   575 | D:1      | Found a faded altar of an unknown god.
   586 | D:1      | Prayed at the altar of an unknown god.
   586 | D:1      | Became a worshipper of Ignis, the Dying Flame
   997 | D:2      | Noticed Terence
  1127 | D:1      | Reached XP level 3. HP: 12/26 MP: 5/5
  1463 | D:2      | Learned a level 3 spell: Inner Flame
  1641 | D:2      | Noticed Sigmund
  1930 | D:3      | Noticed Natasha
  1946 | D:3      | Gained mutation: You have hidden genetic potential. [potion
                  | of mutation]
  1946 | D:3      | Gained mutation: Your muscles are strong. (Str +2) [potion
                  | of mutation]
  1977 | D:3      | Killed Natasha
  1978 | D:3      | Reached skill level 4 in Hexes
  1995 | D:3      | Noticed Natasha
  2001 | D:3      | Killed Natasha
  2002 | D:3      | Reached XP level 4. HP: 6/33 MP: 6/6
  2013 | D:3      | Gained mutation: You are strong-willed. (Will+) [hidden
                  | potential]
  2341 | D:2      | HP: 1/33 [poisoned by an adder]
  2342 | D:2      | Succumbed to an adder's poison

Illustrated notes

Levels and vault maps discovered:
D:1:      onia_arrival_pyramid, layout_basic,
          hellmonk_ecumenical_altar_pennies_from_heaven
D:2:      layout_loops_cross, uniq_terence, uniq_sigmund
D:3:      layout_basic, serial_undead, serial_undead_f, serial_undead_b,
          serial_undead_b, serial_undead_e, minmay_statues_item, uniq_natasha

Skill      XL: |  1  2  3 |
---------------+----------+-----
Dodging        | 2 |  2.4
Hexes          | 4 |  4.2
Fighting       | 2 |  2.1
Slings         | |  2.9
Spellcasting   | |  1.9

Action                   |  1- 3 |  4- 6 || total
-------------------------+-------+-------++-------
Melee: Mace              |    15 |    10 ||    25
 Fire: Hunting sling     |    99 |       ||    99
 Cast: Slow              |    12 |     1 ||    13
       Inner Flame       |     1 |       ||     1
Invok: Fiery Armour      |     1 |       ||     1
       Rising Flame      |       |     1 ||     1
 Abil: Dig               |     1 |       ||     1
Evoke: Wand              |     7 |     2 ||     9
  Use: Scroll            |     1 |       ||     1
       Potion            |     2 |       ||     2
 Stab: Paralysed         |     5 |       ||     5
Armor: Robe              |    17 |     2 ||    19
Dodge: Dodged            |    40 |     6 ||    46

Table legend: (Time is in decaauts)
 A = Elapsed time spent in this place.
 B = Non-inter-level travel time spent in this place.
 C = Inter-level travel time spent in this place.
 D = Time resting spent in this place.
 E = Time spent auto-exploring this place.
 F = Levels seen in this place.
 G = Mean time per level.
                   A        B        C        D        E       F      G
               +--------+--------+--------+--------+--------+-----+--------+
         Total |   2390 |   2239 |    151 |    280 |   1534 |   3 |  796.7 |
       Dungeon |   2390 |   2239 |    151 |    280 |   1534 |   3 |  796.7 |
               +--------+--------+--------+--------+--------+-----+--------+

Top non-repeatable levels by time:
     D:1: 1412 daAuts
     D:2: 556 daAuts
     D:3: 421 daAuts
